AoeStats
← Cinnamoroll

African Clearing

506586550Analyzed
4v4 RM · 17d ago on Sep 14, 2026· 38m 53s· 8 players
Game mode
Random Map
Map size
Large (8 player)
Population
200
Speed
Normal
Resources
Standard
Victory
Conquest
Starting age
Dark Age
Ending age
Imperial Age
RankedLock teamsTeams togetherTeam positionsShared explorationLock speedFull tech treeHidden civsTurbo modeCheats
Victory
Defeat
🇨🇦 Spanish · Canada
1500
+14
🇮🇳 Khmer · India
1426
+17
🇺🇸 Vietnamese · United States
1393
+18
🇺🇸 Koreans · United States
1387
+20
1462
-18
🇲🇽 Magyars · Mexico
1460
-18
🇺🇸 Chinese · United States
1459
-17
🇺🇸 Japanese · United States
1424
-16
DS_SayGG
3:07 Loom
12:37 Feudal Age
17:16 Castle Age
15:07 Gold Mining
17:20 Double-Bit Axe
25:54 Fletching
27:53 Town Watch
29:36 Bow Saw
30:57 Sanctity
36:42 Imperial Age
35:35 Scale Mail Armor
35:46 Forging
35:42 Arson
35:57 Squires
36:58 Pikeman
CTM | black forest best map
11:49 Loom
14:03 Feudal Age
17:52 Castle Age
17:19 Double-Bit Axe
20:10 Town Watch
29:15 Fletching
32:55 Bow Saw
38:19 Imperial Age
Dusk_
3:17 Loom
6:54 Loom
13:43 Feudal Age
17:37 Castle Age
15:48 Double-Bit Axe
18:42 Bow Saw
22:53 Town Watch
23:45 Wheelbarrow
26:56 Light Cavalry
28:33 Redemption
30:35 Atonement
32:33 Ballistics
32:52 Fletching
33:02 Padded Archer Armor
33:18 Bloodlines
33:08 Husbandry
33:46 Stone Mining
33:47 Gold Mining
33:50 Fishing Lines
34:16 Guard Tower
35:07 Husbandry
35:24 Thumb Ring
35:37 Leather Archer Armor
35:43 Bodkin Arrow
36:07 Horse Collar
39:19 Imperial Age
DSLGTCD
10:50 Loom
13:49 Feudal Age
18:22 Castle Age
17:31 Stone Mining
17:45 Double-Bit Axe
22:11 Corvinian Army
22:48 Bow Saw
27:21 Scale Barding Armor
33:08 Chain Barding Armor
Kenchito
6:18 Loom
14:16 Feudal Age
15:29 Horse Collar
19:19 Castle Age
17:48 Double-Bit Axe
18:33 Gold Mining
18:42 Gold Mining
20:12 Bow Saw
20:47 Wheelbarrow
20:01 Town Watch
22:20 Heavy Plow
26:42 Fletching
27:31 Padded Archer Armor
27:46 Forging
27:34 Bodkin Arrow
28:21 Padded Archer Armor
29:06 Stone Mining
29:37 Leather Archer Armor
31:24 Hand Cart
35:55 Imperial Age
35:28 Town Patrol
37:21 Ballistics
38:40 Chemistry
38:31 Bracer
Cinnamoroll
9:01 Loom
15:05 Feudal Age
18:57 Castle Age
16:56 Double-Bit Axe
16:53 Fishing Lines
18:20 Gold Mining
20:06 Scale Barding Armor
20:51 Bow Saw
20:57 Redemption
22:34 Fervor
23:34 Sanctity
24:17 Horse Collar
28:57 Wheelbarrow
28:10 Town Watch
32:35 Atonement
33:02 Inquisition
33:28 Husbandry
34:12 Bloodlines
40:29 Imperial Age
38:44 Hand Cart
some.spiced.ham
6:20 Loom
11:59 Feudal Age
21:09 Castle Age
19:26 Stone Mining
20:06 Fletching
23:37 Gold Mining
30:26 Ballistics
33:00 Wheelbarrow
36:16 Light Cavalry
39:32 Hand Cart
39:03 Town Watch
arsenalchelsea2
10:56 Loom
13:29 Feudal Age
14:28 Double-Bit Axe
16:48 Castle Age
15:00 Gold Mining
15:18 Horse Collar
21:06 Scale Barding Armor
25:15 Bow Saw
27:54 Stone Mining
31:14 Wheelbarrow
34:42 Imperial Age
32:33 Bloodlines
33:11 Padded Archer Armor
33:14 Husbandry
34:25 Hand Cart
33:56 Town Watch
34:56 Leather Archer Armor
34:38 Light Cavalry
35:42 Chain Barding Armor
36:07 Conscription
35:48 Double Crossbow
35:33 Hussar
37:35 Plate Barding Armor
38:38 Forging
39:00 Ring Archer Armor
38:46 Elite Ballista Elephant
Connection lost

Rejoining the realm…

Still unreachable

The connection could not be restored.

Session expired

The server has moved on; the page needs a fresh start.